 Dungeon Crawl Stone Soup version 0.10.0-32-gfa280cc character file.

483 knex the Spear-Bearer (level 6, -3/48 HPs)
             Began as a Merfolk Berserker on Apr 28, 2012.
             Was a Priest of Trog.
             Killed from afar by an orc wizard (8 damage)
             ... with a magic dart
             ... on Level 4 of the Dungeon.
             The game lasted 00:18:21 (2361 turns).

knex the Spear-Bearer (Merfolk Berserker)           Turns: 2361, Time: 00:18:21

HP  -3/48        AC  5     Str 18      XL: 6   Next: 38%
MP   5/5         EV 12     Int  6      God: Trog [***...]
Gold 177         SH  0     Dex 15      Spells:  0 memorised,  5 levels left

Res.Fire  : . . .   See Invis. : .   a - +0,+1 spear {=f}
Res.Cold  : . . .   Warding    : . . h - +2 orc leather armour
Life Prot.: . . .   Conserve   : .   (no shield)
Res.Acid. : . . .   Res.Corr.  : .   (no helmet)
Res.Poison: .       Clarity    : .   (no cloak)
Res.Elec. : .       Spirit.Shd : .   (no gloves)
Sust.Abil.: . .     Stasis     : .   (no boots)
Res.Mut.  : .       Ctrl.Telep.: .   (no amulet)
Res.Rott. : .       Levitation : +   (no ring)
Saprovore : . . .   Ctrl.Flight: .   m - +0,+5 ring of slaying

@: levitating, nauseated, slowed, very slow, slightly resistant to hostile
enchantments, unstealthy
A: change form in water, swift swim
a: Burn Spellbooks, Berserk, Trog's Hand, Renounce Religion


You were on level 4 of the Dungeon.
You worshipped Trog.
Trog was greatly pleased with you.
You were hungry.

You visited 1 branch of the dungeon, and saw 4 of its levels.

You collected 157 gold pieces.

Inventory:

Hand weapons
 a - a +0,+1 spear (weapon) {=f}
Missiles
 n - 24 +3 darts (quivered)
Armour
 h - a +2 orcish leather armour (worn)
Magical devices
 o - a wand of disintegration (9)
Comestibles
 c - 2 bread rations
 q - a chunk of rat flesh
Scrolls
 k - 3 scrolls of identify
 l - a scroll of teleportation
Jewellery
 j - an uncursed ring of teleportation
 m - a +0,+5 ring of slaying (left hand)
Potions
 b - a potion of curing {unknown}
 d - 2 potions of brilliance
 e - 4 potions of agility
 g - 2 potions of levitation
 p - a potion of heal wounds {unknown}


   Skills:
 - Level 3,7 Fighting
 + Level 8,7 Polearms
 + Level 3,4 Armour
 - Level 3,1 Dodging


You had 5 spell levels left.
You didn't know any spells.

Dungeon Overview and Level Annotations

Branches:
Dungeon (4/27)
 Temple: D:4-7

Altars:
Elyvilon


Message History

Drink which item? (? for menu, Esc to quit)
You feel very buoyant.
You gently float away from the floor.
It was a potion of levitation.
It hits you but does no damage.
The orc hits you with an orcish falchion.
* * * LOW HITPOINT WARNING * * *
The giant newt bites you but does no damage.
Drink which item? (? for menu, Esc to quit)
You feel refreshed.
It was a potion of restore abilities.
It hits you but does no damage.
The orc hits you with an orcish falchion.
* * * LOW HITPOINT WARNING * * *
The giant newt bites you.
* * * LOW HITPOINT WARNING * * *
Drink which item? (? for menu, Esc to quit)
You feel yourself slow down.
It was a potion of slowing.
You are feeling hungry.
You hear some strange, mumbled words.
The magic dart hits you!
You die...

#...# #...#
.#########...#
..............#
#..$....[......#
#.....>........#
#......b.......########
.......[ol..............
.......?@...........#
#####.##########....#
#....# #....# #....#####
###.........
..............
...)..........
..............


You could see an orc, a bat and a giant newt.

Vanquished Creatures
  A phantom (D:4)
  An orc priest (D:4)
  2 orc wizards (D:4)
  A worker ant (D:4)
  Ijyb (D:2)
  Jessica (D:3)
  An adder (D:4)
  A worm (D:2)
  A bat skeleton (D:4)
  6 orcs
  2 giant cockroaches (D:1)
  10 hobgoblins
  2 quokkas
  A ball python (D:1)
  7 bats
  4 giant geckos
  8 giant newts
  9 goblins
  3 jackals (D:2)
  A kobold (D:1)
  5 rats
  A rat skeleton (D:3)
69 creatures vanquished.

Notes
Turn   | Place    | Note
--------------------------------------------------------------
     0 | D:1      | knex, the Merfolk Berserker, began the quest for the Orb.
     0 | D:1      | Reached XP level 1. HP: 18/18 MP: 0/0
   220 | D:1      | Reached XP level 2. HP: 22/24 MP: 1/1
   572 | D:1      | Reached skill level 5 in Polearms
   861 | D:2      | Noticed Ijyb
   932 | D:2      | Killed Ijyb
   932 | D:2      | Reached skill level 6 in Polearms
   932 | D:2      | Reached XP level 3. HP: 27/30 MP: 2/2
  1014 | D:2      | Acquired Trog's second power
  1507 | D:2      | Reached XP level 4. HP: 27/36 MP: 3/3
  1794 | D:3      | Noticed Jessica
  1801 | D:3      | Killed Jessica
  1801 | D:3      | Reached skill level 7 in Polearms
  2124 | D:4      | Reached XP level 5. HP: 42/42 MP: 4/4
  2157 | D:4      | Reached skill level 8 in Polearms
  2158 | D:4      | Reached XP level 6. HP: 24/48 MP: 5/5
  2257 | D:4      | Found a white marble altar of Elyvilon.
  2361 | D:4      | Killed from afar by an orc wizard
